 Dungeon Crawl Stone Soup version 0.20-a0-739-g6bb112f (webtiles) character file.

13 dvd the Sneak (level 2, -5/13 HPs)
             Began as a Vine Stalker Enchanter on Feb 24, 2017.
             Killed by nerve-wracking pain
             ... invoked by Jessica
              (10 damage)
             ... on level 1 of the Dungeon.
             The game lasted 00:01:17 (592 turns).

dvd the Sneak (Vine Stalker Enchanter)               Turns: 592, Time: 00:01:19

Health: -5/13      AC:  2    Str: 10    XL:     2   Next: 37%
Magic:  0/6        EV: 12    Int: 15    God:
Gold:   33         SH:  0    Dex: 14    Spells: 2/5 levels left

rFire    . . .     SeeInvis .   a - +1 dagger
rCold    . . .     Gourm    .   b - +0 robe
rNeg     . . .     Faith    .   (no shield)
rPois    .         Spirit   +   (no helmet)
rElec    .         Reflect  .   (no cloak)
rCorr    +         Harm     .   (no gloves)
MR       .....                  (no boots)
Stlth    +++.......             (no amulet)
Regen    0.1/turn               (no ring)
MPRegen  0.1/turn               n - ring of resist corrosion

@: very slightly contaminated
A: fangs 2, magic shield, antimagic bite, no potion heal 3, rot immunity
a: no special abilities


You were on level 1 of the Dungeon.
You were not hungry.

You visited 1 branch of the dungeon, and saw 2 of its levels.

You collected 33 gold pieces.

Inventory:

Hand Weapons
 a - a +1 dagger (weapon)
Armour
 b - a +0 robe (worn)
Jewellery
 n - a ring of resist corrosion (left hand)
Scrolls
 h - 2 scrolls of immolation {unknown}
 l - 3 scrolls of enchant armour {unknown}
 m - a scroll of teleportation {unknown}
Potions
 e - a potion of brilliance {unknown}
 i - 2 potions of curing {unknown}
 j - a potion of haste {unknown}
 k - a potion of heal wounds {unknown}
Books
 c - a book of Maledictions

   Spells                             Type                      Level
   a - Corona                         Hexes                        1
   b - Ensorcelled Hibernation        Hexes/Ice                    2
   c - Confuse                        Hexes                        3
   d - Tukima's Dance                 Hexes                        3
   e - Dazzling Spray                 Conjuration/Hexes            3
Comestibles
 d - 2 bread rations
 g - a meat ration


   Skills:
 + Level 0.1 Fighting
 + Level 0.8 Short Blades
 + Level 1.6 Dodging
 + Level 4.1 Stealth
 + Level 2.3 Spellcasting
 + Level 3.2 Hexes


You had 2 spell levels left.
You knew the following spells:

 Your Spells              Type           Power        Failure   Level  Hunger
a - Corona                Hex            ##.....      8%          1    #......
b - Ensorcelled Hibernat  Hex/Ice        #.....       17%         2    ###....


Dungeon Overview and Level Annotations

Branches:
Dungeon (2/15)

Altars:

Annotations:
D:1 Jessica


Innate Abilities, Weirdness & Mutations

You have extremely sharp teeth.
When hurt, damage is shared between your health and your magic reserves.
Your bite disrupts and absorbs the magic of your enemies.
Potions cannot restore your health.
You are immune to rotting.


Message History

Jessica blinks!
A rat comes into view.
The goblin hits you but does no damage. Jessica hits you.
There is a stone staircase leading up here.
The goblin misses you. Jessica hits you.
You climb upwards.
There is a stone staircase leading down here.
Unknown command.
Casting: Ensorcelled Hibernation
Confirm with . or Enter, or press ? or * to list all spells.
Aiming: Ensorcelled Hibernation
Press: ? - help, Shift-Dir - straight line, f - Jessica
Aim: Jessica, wearing a robe (chance to defeat MR: 47%)
You miscast Ensorcelled Hibernation.
You are very lightly contaminated with residual magic.
You feel a strange surge of energy! The goblin hits you with a dagger.
Jessica casts a spell at you. Pain shoots through your body!
Ouch! That really hurt!
You die...

......##....'.....[..###..#
......##....'.......(....##
..##..##<...#.........####
.###..#######...(.......##
.##...##
#.............>#####
.......#
#...........#......#
.#.....#
#...........#......#
.##....#
#.....g@...........#
###....#
#.....@............# #
###..# #..........##.(....#
# #..# ##..........#......#
#####..##
#..........########
........# #..........#
#.......# #..........#
#.......# #..........#
#.......# ##......).##
#####...# ##......##


You could see Jessica and a goblin.

Vanquished Creatures
  3 bats (D:1)
  A goblin (D:2)
  3 hobgoblins (D:1)
  2 jackals (D:1)
  A ball python (D:1)
  A frilled lizard (D:1)
11 creatures vanquished.

Notes
Turn   | Place    | Note
-------+----------+-------------------------------------------
     0 | D:1      | dvd the Vine Stalker Enchanter began the quest for the Orb.
     0 | D:1      | Reached XP level 1. HP: 9/9 MP: 4/4
   315 | D:1      | Reached XP level 2. HP: 13/13 MP: 6/6
   326 | D:1      | Learned a level 2 spell: Ensorcelled Hibernation
   350 | D:1      | Reached skill level 4 in Stealth
   584 | D:2      | Noticed Jessica
   592 | D:1      | Killed from afar by Jessica

Vault maps used:
D:1:      sevenhm_arrival_forest_fort_small_6
D:2:      gammafunk_temple_overflow_forgotten, lemuel_coloured_pillars_altar,
          chequers_ecumenical_altar_simple, uniq_jessica, uniq_terence,
          uniq_iyjb

Skill      XL: |  1  2 |
---------------+-------+-----
Stealth        | 4 |  4.1
Fighting       | |  0.1
Short Blades   | |  0.8
Dodging        | |  1.6
Spellcasting   | |  2.3
Hexes          | |  3.2

Action                   || total
-------------------------++-------
Melee: Dagger            ||    22
       Bite              ||     2
 Cast: Corona            ||     2
       Ensorcelled Hiber ||     5
 Stab: Sleeping          ||     6
Armor: Robe              ||     4
Dodge: Dodged            ||    15
